 Dungeon Crawl Stone Soup version 0.29.1-14-g9c671dbff4 (webtiles) character file.

Game seed: 1233226113820529641

55 leafyfresh the Covert (level 3, 0/35 HPs)
             Began as a Gnoll Delver on Feb 13, 2023.
             Succumbed to a scorpion's poison
             ... on level 4 of the Dungeon.
             The game lasted 00:02:05 (617 turns).

leafyfresh the Covert (Gnoll Delver)                 Turns: 617, Time: 00:02:05

Health: 0/35       AC:  3    Str: 11    XL:     3   Next: 93%
Magic:  4/4        EV: 13    Int:  9    God:
Gold:   77         SH:  0    Dex: 15    Spells: 4/4 levels left

rFire   . . .      SeeInvis .   a - +0 spear
rCold   . . .      Faith    .   (no shield)
rNeg    . . .      Spirit   .   b - +0 leather armour
rPois   .          Reflect  .   (no helmet)
rElec   .          Harm     .   (no cloak)
rCorr   .          Rampage  .   (no gloves)
Will    .....                   (no boots)
Stlth   ++++......              (no amulet)
HPRegen 0.11/turn               (no ring)
MPRegen 0.09/turn               (no ring)

@: lethally poisoned (0 -> -9)
A: fangs 1, strong nose, distributed training
a: no special abilities


You were on level 4 of the Dungeon.
You visited 1 branch of the dungeon, and saw 4 of its levels.

You collected 77 gold pieces.

Inventory:

Hand Weapons
 a - a +0 spear (weapon)
 d - a +0 sling
 l - a +0 club
Armour
 b - a +0 leather armour (worn)
Wands
 g - a wand of digging (3)
Scrolls
 c - a scroll of fog
 e - a scroll of fear
 h - 2 scrolls of enchant weapon {unknown}
 i - 2 scrolls of identify {unknown}
Potions
 f - a potion of haste
 j - a potion of curing {unknown}
 k - 2 potions of mutation {unknown}


   Skills:
 + Level 6.5 Fighting
 + Level 1.0 Short Blades
 + Level 1.0 Long Blades
 + Level 1.0 Axes
 + Level 1.0 Maces & Flails
 + Level 4.6 Polearms
 + Level 1.0 Staves
 + Level 1.0 Ranged Weapons
 + Level 1.0 Throwing
 + Level 1.0 Armour
 + Level 4.6 Dodging
 + Level 9.6 Stealth
 + Level 1.0 Shields
 + Level 1.0 Unarmed Combat
 + Level 1.0 Spellcasting
 + Level 0.7 Conjurations
 + Level 0.7 Hexes
 + Level 0.7 Summonings
 + Level 0.7 Necromancy
 + Level 0.7 Translocations
 + Level 0.7 Transmutations
 + Level 0.7 Fire Magic
 + Level 0.7 Ice Magic
 + Level 0.7 Air Magic
 + Level 0.7 Earth Magic
 + Level 0.7 Poison Magic
 + Level 1.1 Invocations
 + Level 1.0 Evocations


You had 4 spell levels left.
You didn't know any spells.
Your spell library contained the following spells:

 Spells                   Type           Power      Damage    Failure   Level
 Gell's Gravitas          Tloc           1%         N/A       71%         3
 Lesser Beckoning         Tloc           1%         N/A       71%         3
 Ozocubu's Armour         Ice            1%         N/A       71%         3
 Teleport Other           Tloc           1%         N/A       71%         3
 Ozocubu's Refrigeration  Ice            0%         4d7       100%        7


Dungeon Overview and Level Annotations

Branches:
Dungeon (7/15)
 Temple: D:4-7

Altars:

Shops:
D:7 [

Portals:
Ossuary: D:4


Innate Abilities, Weirdness & Mutations

You have very sharp teeth.
Your uncanny sense of smell can sniff out nearby items.
Your experience applies equally to all skills.


Message History

The scorpion poisons you!
You hit the scorpion.
The scorpion is heavily wounded.
You feel very sick. The scorpion misses you.
You barely miss the scorpion.
The scorpion is heavily wounded.
You feel sick. The scorpion closely misses you.
Unknown command.
You hit the scorpion but do no damage.
The scorpion is heavily wounded.
You feel sick. The scorpion stings you.
You barely miss the scorpion.
The scorpion is heavily wounded.
You feel sick. The scorpion closely misses you.
You hit the scorpion but do no damage.
The scorpion is heavily wounded.
You feel sick. The scorpion barely misses you. The scorpion stings you.
You hit the scorpion.
The scorpion is severely wounded.
You feel sick. The scorpion misses you.
You barely miss the scorpion.
The scorpion is severely wounded.
You feel sick. The scorpion stings you.
* * * LOW HITPOINT WARNING * * *
You are lethally poisoned!
The scorpion poisons you!
You closely miss the scorpion.
You bite the scorpion, but do no damage.
The scorpion is severely wounded.
* * * LOW HITPOINT WARNING * * *
You feel very sick. The scorpion barely misses you.
You hit the scorpion but do no damage. Your bite misses the scorpion.
The scorpion is severely wounded.
* * * LOW HITPOINT WARNING * * *
You feel sick. The scorpion closely misses you.
You hit the scorpion.
You kill the scorpion!
You die...

###########.##,,,,,#...
#...........#****+*#..#
#.#########.#* **,*##.#
#.# ##.#**,** #.# #.#
*#<.,** #.# #.#
***##*##.* #.# #.#
*,..,,,*,# #)#
#.######.#***,*,* #.#
#.>...@..#***,*,* #.#
#######†.#,,,...#####..
*..#,,,,.........
*..#,**,#.##.##.#
*..#,**,#....##.#
*...,,,,.....##.#
*....,,,###.##...
*.##.***##...#..#
*,*#.# #†.......


There were no monsters in sight!

Vanquished Creatures
  A scorpion (D:4)
  A hound (D:4)
  2 adders
  2 orcs (D:4)
  A ball python (D:4)
  2 goblins (D:4)
9 creatures vanquished.

Notes
Turn   | Place    | Note
-------+----------+-------------------------------------------
     0 | D:5      | Reached skill level 9 in Stealth
     0 | D:5      | leafyfresh the Gnoll Delver began the quest for the Orb.
     0 | D:5      | Reached XP level 1. HP: 23/23 MP: 1/1
    28 | D:4      | Noticed a hound
    42 | D:4      | Killed a hound
    43 | D:4      | Reached XP level 2. HP: 16/29 MP: 1/3
    43 | D:4      | Reached XP level 3. HP: 19/35 MP: 1/4
   252 | D:4      | Reached skill level 1 in Invocations
   372 | D:4      | Reached skill level 1 in Short Blades
   372 | D:4      | Reached skill level 1 in Long Blades
   372 | D:4      | Reached skill level 1 in Axes
   372 | D:4      | Reached skill level 1 in Maces & Flails
   372 | D:4      | Reached skill level 1 in Staves
   372 | D:4      | Reached skill level 1 in Ranged Weapons
   372 | D:4      | Reached skill level 1 in Throwing
   372 | D:4      | Reached skill level 1 in Armour
   372 | D:4      | Reached skill level 1 in Shields
   372 | D:4      | Reached skill level 1 in Unarmed Combat
   372 | D:4      | Reached skill level 1 in Spellcasting
   372 | D:4      | Reached skill level 1 in Evocations
   393 | D:4      | Found a sand-covered staircase.
   393 | D:4      | You fall into a shaft and drop 3 floors!
   440 | D:7      | Found Dimuil's Antique Armour Boutique.
   441 | D:7      | Noticed a water moccasin
   501 | D:6      | Noticed a necrophage
   533 | D:5      | Noticed a phantom
   549 | D:5      | Noticed an ogre
   602 | D:4      | Noticed a scorpion
   616 | D:4      | HP: 1/35 [poisoned by a scorpion]
   617 | D:4      | Killed a scorpion
   617 | D:4      | Succumbed to a scorpion's poison

Illustrated notes

Levels and vault maps discovered:
D:4:      layout_loops_ring, lemuel_tele_altar, nicolae_sif_muna_little_library,
          enter_ossuary_4, dreamdust_princess_corridor, uniq_robin
D:5:      layout_basic, eat_drink_and_be_merry_uskayaw, lemuel_round_altar,
          chequers_serial_rivers_large_b, lemuel_flame_loot_1
D:6:      layout_gridville, xom_confusion_cloud,
          yredelemnul_forgotten_temple_becter, temple_fountains,
          gammafunk_ghost_split, sigmund_edmund_badplayer
D:7:      layout_loops_ring, serial_shops, shop_coins, nicolae_diamond_shop,
          nicolae_inconvenience_store, nicolae_fountain_basement

Skill      XL: |  1  2  3 |
---------------+----------+-----
Stealth        | |  9.6
Invocations    | 1 |  1.1
Short Blades   | 1 |  1.0
Long Blades    | 1 |  1.0
Axes           | 1 |  1.0
Maces & Flails | 1 |  1.0
Staves         | 1 |  1.0
Ranged Weapons | 1 |  1.0
Throwing       | 1 |  1.0
Armour         | 1 |  1.0
Shields        | 1 |  1.0
Unarmed Combat | 1 |  1.0
Spellcasting   | 1 |  1.0
Evocations     | 1 |  1.0
Fighting       | |  6.5
Polearms       | |  4.6
Dodging        | |  4.6
Conjurations   | |  0.7
Hexes          | |  0.7
Summonings     | |  0.7
Necromancy     | |  0.7
Translocations | |  0.7
Transmutations | |  0.7
Fire Magic     | |  0.7
Ice Magic      | |  0.7
Air Magic      | |  0.7
Earth Magic    | |  0.7
Poison Magic   | |  0.7

Action                   || total
-------------------------++-------
Melee: Spear             ||    55
       Bite              ||     7
  Use: Scroll            ||     1
 Stab: Sleeping          ||     3
Armor: Leather armour    ||     9
Dodge: Dodged            ||    27
